 Dungeon Crawl Stone Soup version 0.14-a0-3445-g2afddda (webtiles) character file.

1468 MrRokkomies the Conjurer (level 8, 0/46 HPs)
             Began as an Octopode Conjurer on Mar 23, 2014.
             Shot with an arrow by a centaur (12 damage)
             ... on Level 5 of the Dungeon.
             The game lasted 00:22:30 (4970 turns).

MrRokkomies the Conjurer (Octopode Conjurer)        Turns: 4970, Time: 00:22:31

HP   0/46        AC  1     Str  8      XL: 8   Next: 46%
MP   8/20        EV 13     Int 18      God:
Gold 253         SH  9     Dex 13      Spells:  5 memorised,  2 levels left

rFire  + . .     SeeInvis .     w - +0,+2 short sword (flame)
rCold  . . .     Clarity  .     m - +2 buckler
rNeg   . . .     Conserve .     (helmet restricted)
rPois  .         rCorr    .     (no amulet)
rElec  .         rRot     .     d - ring of protection from fire
SustAb . .       Spirit   .     i - ring of wizardry
rMut   .         Warding  .     o - ring of wizardry
Saprov . . .     Stasis   .     (no ring)
MR     .....                    (no ring)
                                (no ring)
                                (no ring)
                                (no ring)

@: not resistant to hostile enchantments, quite stealthy
A: almost no armour, amphibious, 8 rings, constrict 8, camouflage 1, gelatinous
body 1
a: no special abilities


You were on level 5 of the Dungeon.
You were not hungry.

You visited 1 branch of the dungeon, and saw 5 of its levels.

You collected 253 gold pieces.

Inventory:

Hand weapons
 h - a +0,+1 spear
 q - a +1,+0 vampiric dagger
 v - a +2,+2 flail of draining
 w - a +0,+2 short sword of flaming (weapon)
Missiles
 p - 12 darts of flame (quivered)
Armour
 k - a +0 shield
 m - a +2 buckler (worn)
Magical devices
 s - a wand of lightning (8)
Comestibles
 b - 6 bread rations
 f - 2 meat rations
Scrolls
 a - a scroll of enchant weapon II
 e - a scroll of amnesia
Jewellery
 d - a ring of protection from fire (left tentacle)
 g - an uncursed amulet of guardian spirit {unknown}
 i - a ring of wizardry (right tentacle)
 n - an uncursed amulet of conservation {unknown}
 o - a ring of wizardry (on tentacle)
Potions
 j - 2 potions of heal wounds
 l - 2 potions of agility
 r - 3 potions of curing
 t - a potion of resistance {unknown}
 u - a potion of brilliance {unknown}
 x - a potion of restore abilities {unknown}
Books
 c - a book of Conjurations

   Spells                             Type                      Level
   *Magic Dart                        Conjuration                  1
   *Searing Ray                       Conjuration                  2
   *Dazzling Spray                    Conjuration/Hexes            3
   Fulminant Prism                    Conjuration/Hexes            4
   *Iskenderun's Mystic Blast         Conjuration                  4
   *Iskenderun's Battlesphere         Conjuration/Charms           5


   Skills:
 - Level 5.0 Dodging
 - Level 2.6 Stealth
 * Level 5.1 Spellcasting
 + Level 8.1 Conjurations


You had 2 spell levels left.
You knew the following spells:

 Your Spells              Type           Power        Failure   Level  Hunger
a - Magic Dart            Conj           ####         1%          1    None
b - Searing Ray           Conj           ####..       1%          2    #......
c - Dazzling Spray        Conj/Hex       ###.....     3%          3    ###....
d - Iskenderun's Mystic   Conj           ####....     2%          4    ####...
e - Iskenderun's Battles  Conj/Chrm      ###.....     38%         5    #####..


Dungeon Overview and Level Annotations

Branches:
Dungeon (5/15)
 Temple: D:4-7

Altars:


Innate Abilities, Weirdness & Mutations

You cannot wear most types of armour.
You are amphibious.
You can wear up to eight rings at the same time.
You can use your tentacles to constrict many enemies at once.
Your skin changes colour to match your surroundings (Stlth).
Your rubbery body absorbs attacks (AC +1).


Message History

Aim: a centaur, wielding a runed bow The spray of energy hits the centaur.
The centaur is moderately wounded.
The centaur shoots an arrow.
The arrow hits you!
Casting: Dazzling Spray
Confirm with . or Enter, or press ? or * to list all spells.
Aiming: Dazzling Spray
Press: ? - help, Shift-Dir - straight line, f/p - centaur
Aim: a centaur, wielding a runed bow (moderately wounded)
The spray of energy misses the centaur.
The centaur shoots an arrow.
The arrow hits you!
* * * LOW HITPOINT WARNING * * *
Casting: Dazzling Spray
Confirm with . or Enter, or press ? or * to list all spells.
Aiming: Dazzling Spray
Press: ? - help, Shift-Dir - straight line, f/p - centaur
Aim: a centaur, wielding a runed bow (moderately wounded)
The spray of energy misses the centaur.
The centaur shoots an arrow.
The arrow hits you!
You die...

############## .
#..........>..# #..#
#.............# #..#
#.............# #..#
#.............# #..#
#.............# #..#
#..........c..####
#..#####.....%..@........
#............(...........
#....[....#########..###
#..#####..# .# ...# #..#
# ...# #..# #..#####..#
#.........#
#.........########


You could see a centaur.

Vanquished Creatures
  Grinder (D:3)
  An ogre (D:5)
  5 big kobolds (D:4)
  A scorpion (D:5)
  A hound (D:4)
  2 orc priests (D:4)
  3 orc wizards (D:4)
  An iguana (D:5)
  2 worker ants
  Ijyb (D:2)
  Jessica (D:3)
  A gnoll (D:4)
  14 adders
  A giant mite (D:5)
  4 giant geckos
  An ooze (D:2)
  15 orcs
  11 bats
  2 bat skeletons
  A bat zombie (D:5)
  12 giant cockroaches
  17 hobgoblins
  44 kobolds
  3 quokkas
  5 giant newts
  9 goblins
  11 rats
170 creatures vanquished.

Vanquished Creatures (others)
  5 toadstools (D:1)
5 creatures vanquished.

Grand Total: 175 creatures vanquished

Notes
Turn   | Place    | Note
--------------------------------------------------------------
     0 | D:1      | MrRokkomies, the Octopode Conjurer, began the quest for the Orb.
     0 | D:1      | Reached XP level 1. HP: 11/11 MP: 3/3
   137 | D:1      | Reached XP level 2. HP: 17/17 MP: 0/4
   195 | D:1      | Learned a level 2 spell: Searing Ray
   383 | D:1      | Reached XP level 3. HP: 21/21 MP: 3/6
  1310 | D:2      | Noticed Ijyb
  1315 | D:2      | Killed Ijyb
  1315 | D:2      | Reached skill level 5 in Conjurations
  1315 | D:2      | Reached XP level 4. HP: 25/27 MP: 1/7
  1320 | D:2      | Learned a level 3 spell: Dazzling Spray
  1961 | D:3      | Reached XP level 5. HP: 31/31 MP: 1/9
  2150 | D:3      | Noticed Grinder
  2172 | D:3      | Paralysed by Grinder for 5 turns
  2181 | D:3      | Killed Grinder
  2181 | D:3      | Reached skill level 6 in Conjurations
  2181 | D:3      | Reached XP level 6. HP: 20/36 MP: 2/10
  2664 | D:3      | Noticed Jessica
  2669 | D:3      | Killed Jessica
  2794 | D:3      | Reached skill level 5 in Dodging
  2794 | D:3      | Reached XP level 7. HP: 36/41 MP: 6/12
  2800 | D:3      | Learned a level 4 spell: Iskenderun's Mystic Blast
  3089 | D:4      | Reached skill level 7 in Conjurations
  4259 | D:4      | Reached XP level 8. HP: 37/46 MP: 7/18
  4624 | D:5      | Entered Level 5 of the Dungeon
  4692 | D:5      | Learned a level 5 spell: Iskenderun's Battlesphere
  4717 | D:5      | Reached skill level 8 in Conjurations
  4828 | D:5      | Reached skill level 5 in Spellcasting
  4970 | D:5      | Shot with an arrow by a centaur

Action                   |  1- 3 |  4- 6 |  7- 9 || total
-------------------------+-------+-------+-------++-------
Melee: Unarmed           |     2 |       |       ||     2
       Spear             |    34 |    53 |     9 ||    96
       Flail             |       |       |    75 ||    75
       Short sword       |       |       |    10 ||    10
 Cast: Magic Dart        |    40 |    40 |   108 ||   188
       Searing Ray       |     2 |     5 |     3 ||    10
       Iskenderun's Myst |       |       |     9 ||     9
       Dazzling Spray    |       |       |     8 ||     8
Evoke: Wand              |       |       |     1 ||     1
  Use: Scroll            |     6 |     5 |       ||    11
       Potion            |       |       |     1 ||     1
 Stab: Sleeping          |     3 |     4 |     1 ||     8
